3A
MT. VERNON BULLS @ COLUMBIA RIVER RATS
07/28/2038
 
TOP OF THE 1ST
Mt. Vernon Bulls batting - Pitching for Columbia River Rats : LHP Raúl Díaz
Pitching: LHP Raúl Díaz
Batting: RHB Ned Lyons 0-0: Called Strike
0-1: Reached on error, E5 (Groundball, 56S, EV 73.8 MPH)
Batting: LHB Philip Todd 0-0: Called Strike
0-1: Foul Ball, location: 2F
0-2: Ground out 4-3 (Groundball, 4, EV 81.9 MPH)
Ned Lyons to third
Batting: RHB Doug Page 0-0: Fly out, F7 (Flyball, 78S, EV 76.2 MPH)
Batting: RHB Cyrillo Watson 0-0: Fly out, F8 (Flyball, 8RD, EV 105.0 MPH)
Top of the 1st over - 0 runs, 0 hits, 1 error, 1 left on base; Mt. Vernon 0 - Columbia 0
BOTTOM OF THE 1ST
Columbia River Rats batting - Pitching for Mt. Vernon Bulls : RHP Craig Wash
Pitching: RHP Craig Wash
Batting: RHB William Penn 0-0: Fly out, F5 (Line Drive, 5, EV 65.6 MPH)
Batting: LHB Ji-e Loh 0-0: Called Strike
0-1: Ball
1-1: Ball
2-1: Foul Ball, location: 2F
2-2: Foul Ball, location: 2F
2-2: Ball
3-2: Fly out, F9 (Flyball, 9LS, EV 96.2 MPH)
Batting: SHB Dean Barthorpe 0-0: Called Strike
0-1: Foul Ball, location: 2F
0-2: Ball
1-2: Foul Ball, location: 2F
1-2: Ground out U3 (Groundball, 3, EV 80.6 MPH)
Bottom of the 1st over - 0 runs, 0 hits, 0 errors, 0 left on base; Mt. Vernon 0 - Columbia 0
TOP OF THE 2ND
Mt. Vernon Bulls batting - Pitching for Columbia River Rats : LHP Raúl Díaz
Batting: RHB Francisco Ortíz 0-0: Called Strike
0-1: Ball
1-1: Swinging Strike
1-2: Foul Ball, location: 2F
1-2: Strikes out looking
Batting: RHB Cheng-ho Bu 0-0: Ball
1-0: Swinging Strike
1-1: Called Strike
1-2: SINGLE (Line Drive, 34D, EV 101.9 MPH)
Batting: RHB Jack Núñez 0-0: Ball
1-0: Foul Ball, location: 2F
1-1: Called Strike
1-2: Ball
2-2: Ball
3-2: Base on Balls
Cheng-ho Bu to second
Batting: LHB Ben Bullock 0-0: SINGLE (Flyball, 8LS, EV 89.4 MPH)
Cheng-ho Bu to third
Jack Núñez to second
Runner from 3rd tries for Home, throw by CF and OUT! 8-2
Now in CF: Ramón Fernández
Batting: RHB Claudio Corona 0-0: Foul Ball, location: 2F
0-1: DOUBLE (Groundball, 5L, EV 97.5 MPH)
Jack Núñez scores
Ben Bullock to third
Batting: RHB Ned Lyons 0-0: Ground out 5-3 (Groundball, 56, EV 89.4 MPH)
Top of the 2nd over - 1 run, 3 hits, 0 errors, 2 left on base; Mt. Vernon 1 - Columbia 0
BOTTOM OF THE 2ND
Columbia River Rats batting - Pitching for Mt. Vernon Bulls : RHP Craig Wash
Batting: RHB Tony Castellanos 0-0: Swinging Strike
0-1: Swinging Strike
0-2: Ball
1-2: Ground out 1-3 (Groundball, 34S, EV 63.8 MPH)
Batting: RHB Cédric Causse 0-0: Foul Ball, location: 2F
0-1: Foul Ball, location: 2F
0-2: Ball
1-2: Strikes out swinging
Batting: RHB Pu-feng Zhou 0-0: Ball
1-0: Ball
2-0: Ball
3-0: Called Strike
3-1: Base on Balls
Batting: LHB John Mayer 0-0: Called Strike
0-1: Ball
1-1: Ball
2-1: Foul Ball, location: 2F
2-2: Foul Ball, location: 2F
2-2: Hit by Pitch
Pu-feng Zhou to second
Batting: LHB Seb Considine 0-0: Foul Ball, location: 2F
0-1: Foul Ball, location: 2F
0-2: Ball
1-2: Strikes out swinging
Bottom of the 2nd over - 0 runs, 0 hits, 0 errors, 2 left on base; Mt. Vernon 1 - Columbia 0
TOP OF THE 3RD
Mt. Vernon Bulls batting - Pitching for Columbia River Rats : LHP Raúl Díaz
Batting: LHB Philip Todd 0-0: Called Strike
0-1: Foul Ball, location: 2F
0-2: Ball
1-2: Ball
2-2: Ball
3-2: Ground out 4-3 (Groundball, 4, EV 88.8 MPH)
Batting: RHB Doug Page 0-0: Called Strike
0-1: Called Strike
0-2: Ball
1-2: Foul Ball, location: 2F
1-2: Ball
2-2: Foul Ball, location: 2F
2-2: Foul Ball, location: 2F
2-2: Foul Ball, location: 2F
2-2: Ball
3-2: SINGLE (Groundball, 6D, EV 96.2 MPH)
Batting: RHB Cyrillo Watson 0-0: Called Strike
0-1: Ball
1-1: Ball
2-1: Fly out, F7 (Flyball, 78M, EV 86.9 MPH)
Batting: RHB Francisco Ortíz 0-0: Ball
1-0: Ball
2-0: Fly out, F2 (Popup, 2LF, EV 95.0 MPH)
Top of the 3rd over - 0 runs, 1 hit, 0 errors, 1 left on base; Mt. Vernon 1 - Columbia 0
BOTTOM OF THE 3RD
Columbia River Rats batting - Pitching for Mt. Vernon Bulls : RHP Craig Wash
Batting: RHB Ryan Guengerich 0-0: Called Strike
0-1: Foul Ball, location: 2F
0-2: Strikes out swinging
Batting: LHB Ramón Fernández 0-0: Ball
1-0: Fly out, F7 (Line Drive, 7, EV 103.1 MPH)
Batting: LHB Ji-e Loh 0-0: Called Strike
0-1: Ball
1-1: Foul Ball, location: 2F
1-2: Ball
2-2: Fly out, F8 (Flyball, 78M, EV 90.6 MPH)
Bottom of the 3rd over - 0 runs, 0 hits, 0 errors, 0 left on base; Mt. Vernon 1 - Columbia 0
TOP OF THE 4TH
Mt. Vernon Bulls batting - Pitching for Columbia River Rats : LHP Raúl Díaz
Batting: RHB Cheng-ho Bu 0-0: DOUBLE (Line Drive, 7LM, EV 104.4 MPH)
Batting: RHB Jack Núñez 0-0: Ball
1-0: Called Strike
1-1: Fly out, F9 (Flyball, 9LD, EV 95.0 MPH)
Runner from 2nd tags up, SAFE at 3rd with throw by RF
Batting: LHB Ben Bullock 0-0: Ball
1-0: Ball
2-0: Ball
3-0: Called Strike
3-1: Foul Ball, location: 2F
3-2: Base on Balls
Batting: RHB Claudio Corona 0-0: Ball
1-0: Swinging Strike
1-1: SINGLE (Line Drive, 56D, EV 102.5 MPH)
Cheng-ho Bu scores
Ben Bullock to second
Batting: RHB Ned Lyons 0-0: Called Strike
0-1: SINGLE (Groundball, 4MD, EV 102.5 MPH)
Ben Bullock to third
Claudio Corona to second
Batting: LHB Philip Todd 0-0: Foul Ball, location: 2F
0-1: Ball
1-1: SINGLE (Line Drive, 9S, EV 95.6 MPH)
Ben Bullock scores
Claudio Corona to third
Ned Lyons to second
Runner from 3rd tries for Home, throw by RF and OUT! 9-2
Batting: RHB Doug Page 0-0: Called Strike
Ned Lyons steals 3rd base
0-1: Swinging Strike
0-2: Strikes out swinging
Top of the 4th over - 2 runs, 4 hits, 0 errors, 2 left on base; Mt. Vernon 3 - Columbia 0
BOTTOM OF THE 4TH
Columbia River Rats batting - Pitching for Mt. Vernon Bulls : RHP Craig Wash
Batting: SHB Dean Barthorpe 0-0: Fly out, F7 (Line Drive, 7, EV 86.9 MPH)
Batting: RHB Tony Castellanos 0-0: Ball
1-0: Foul Ball, location: 2F
1-1: Fly out, F9 (Line Drive, 9, EV 96.9 MPH)
Batting: RHB Cédric Causse 0-0: Called Strike
0-1: DOUBLE (Line Drive, 7LM, EV 110.6 MPH)
Batting: RHB Pu-feng Zhou 0-0: Ball
1-0: Fly out, F7 (Flyball, 7D, EV 91.2 MPH)
Bottom of the 4th over - 0 runs, 1 hit, 0 errors, 1 left on base; Mt. Vernon 3 - Columbia 0
TOP OF THE 5TH
Mt. Vernon Bulls batting - Pitching for Columbia River Rats : LHP Raúl Díaz
Batting: RHB Cyrillo Watson 0-0: Ball
1-0: Called Strike
1-1: Ball
2-1: Fly out, F7 (Flyball, 7D, EV 90.0 MPH)
Batting: RHB Francisco Ortíz 0-0: Called Strike
0-1: Foul Ball, location: 2F
0-2: Fly out, F7 (Line Drive, 7, EV 95.6 MPH)
Batting: RHB Cheng-ho Bu 0-0: Called Strike
0-1: Fly out, F8 (Line Drive, 8LM, EV 96.2 MPH)
Top of the 5th over - 0 runs, 0 hits, 0 errors, 0 left on base; Mt. Vernon 3 - Columbia 0
BOTTOM OF THE 5TH
Columbia River Rats batting - Pitching for Mt. Vernon Bulls : RHP Craig Wash
Batting: LHB John Mayer 0-0: Called Strike
0-1: Called Strike
0-2: Ball
1-2: Foul Ball, location: 2F
1-2: Foul Ball, location: 2F
1-2: Foul Ball, location: 2F
1-2: Ball
2-2: Strikes out swinging
Batting: LHB Seb Considine 0-0: Ball
1-0: DOUBLE (Flyball, 8LXD, EV 91.2 MPH)
Batting: RHB Ryan Guengerich 0-0: Ball
1-0: Ball
2-0: Called Strike
2-1: Called Strike
2-2: Foul Ball, location: 2F
2-2: Fly out, F8 (Flyball, 8RS, EV 91.9 MPH)
Batting: LHB Ramón Fernández 0-0: Ball
1-0: Ground out U3 (Groundball, 3, EV 80.6 MPH)
Bottom of the 5th over - 0 runs, 1 hit, 0 errors, 1 left on base; Mt. Vernon 3 - Columbia 0
TOP OF THE 6TH
Mt. Vernon Bulls batting - Pitching for Columbia River Rats : LHP Raúl Díaz
Batting: RHB Jack Núñez 0-0: Called Strike
0-1: Called Strike
0-2: Fly out, F9 (Flyball, 9LS, EV 86.9 MPH)
Batting: LHB Ben Bullock 0-0: Ground out 4-3 (Groundball, 4M, EV 83.1 MPH)
Batting: RHB Claudio Corona 0-0: Foul Ball, location: 2F
0-1: Foul Ball, location: 2F
0-2: Ball
1-2: Ball
2-2: Ground out 5-3 (Groundball, 56S, EV 82.5 MPH)
Top of the 6th over - 0 runs, 0 hits, 0 errors, 0 left on base; Mt. Vernon 3 - Columbia 0
BOTTOM OF THE 6TH
Columbia River Rats batting - Pitching for Mt. Vernon Bulls : RHP Craig Wash
Batting: LHB Ji-e Loh 0-0: Called Strike
0-1: Foul Ball, location: 2F
0-2: Ball
1-2: Strikes out swinging
Batting: SHB Dean Barthorpe 0-0: Called Strike
0-1: Called Strike
0-2: Ball
1-2: Ground out 4-3 (Groundball, 4S, EV 76.9 MPH)
Batting: RHB Tony Castellanos 0-0: Called Strike
0-1: Called Strike
0-2: Strikes out looking
Bottom of the 6th over - 0 runs, 0 hits, 0 errors, 0 left on base; Mt. Vernon 3 - Columbia 0
TOP OF THE 7TH
Mt. Vernon Bulls batting - Pitching for Columbia River Rats : LHP Raúl Díaz
Batting: RHB Ned Lyons 0-0: Ball
1-0: Fly out, F7 (Flyball, 7LSF, EV 81.9 MPH)
Batting: LHB Philip Todd 0-0: Ball
1-0: Called Strike
1-1: Swinging Strike
1-2: Ground out U3 (Groundball, 34, EV 92.5 MPH)
Batting: RHB Doug Page 0-0: Foul Ball, location: 2F
0-1: Ball
1-1: Ball
2-1: Foul Ball, location: 2F
2-2: Ground out 6-3 (Groundball, 6M, EV 105.6 MPH)
Top of the 7th over - 0 runs, 0 hits, 0 errors, 0 left on base; Mt. Vernon 3 - Columbia 0
BOTTOM OF THE 7TH
Columbia River Rats batting - Pitching for Mt. Vernon Bulls : RHP Craig Wash
Batting: RHB Cédric Causse 0-0: Ball
1-0: Swinging Strike
1-1: DOUBLE (Flyball, 78XD, EV 91.2 MPH)
Batting: RHB Pu-feng Zhou 0-0: Called Strike
0-1: Ball
Wild Pitch!
Cédric Causse to third
1-1: Ball
2-1: Ball
3-1: Fly out, F8 (Flyball, 8LS, EV 77.5 MPH)
Batting: LHB John Mayer 0-0: Called Strike
0-1: Fly out, F7 (Flyball, 78S, EV 90.0 MPH)
Batting: LHB Seb Considine 0-0: Called Strike
0-1: Ball
1-1: Called Strike
1-2: Ball
2-2: Foul Ball, location: 2F
2-2: Foul Ball, location: 2F
2-2: Foul Ball, location: 2F
2-2: Fly out, F5 (Popup, 56S, EV 85.6 MPH)
Bottom of the 7th over - 0 runs, 1 hit, 0 errors, 1 left on base; Mt. Vernon 3 - Columbia 0
TOP OF THE 8TH
Mt. Vernon Bulls batting - Pitching for Columbia River Rats : LHP Raúl Díaz
Batting: RHB Cyrillo Watson 0-0: Called Strike
0-1: Foul Ball, location: 2F
0-2: Foul Ball, location: 2F
0-2: Ball
1-2: SOLO HOME RUN (Flyball, 7D, EV 100.0 MPH), Distance : 382 ft
Pitching: RHP Hyosuke Matsui
Batting: RHB Francisco Ortíz 0-0: Ball
1-0: Foul Ball, location: 2F
1-1: Ball
2-1: Ground out 6-3 (Groundball, 6, EV 85.0 MPH)
Batting: RHB Cheng-ho Bu 0-0: Ball
1-0: Foul Ball, location: 2F
1-1: Swinging Strike
1-2: Foul Ball, location: 2F
1-2: SINGLE (Groundball, 34D, EV 94.4 MPH)
Batting: RHB Jack Núñez 0-0: Ball
1-0: Ball
2-0: Called Strike
2-1: SINGLE (Flyball, 9LS, EV 91.9 MPH)
Cheng-ho Bu to second
Runner from 2nd tries for 3rd, SAFE, throw by RF made to third
Batting: LHB Ben Bullock 0-0: Called Strike
0-1: Called Strike
0-2: Ball
1-2: Strikes out swinging
Batting: RHB Claudio Corona 0-0: Ball
1-0: Foul Ball, location: 2F
1-1: Called Strike
1-2: Foul Ball, location: 2F
1-2: Ball
2-2: Strikes out swinging
Top of the 8th over - 1 run, 3 hits, 0 errors, 2 left on base; Mt. Vernon 4 - Columbia 0
BOTTOM OF THE 8TH
Columbia River Rats batting - Pitching for Mt. Vernon Bulls : RHP Craig Wash
Pitching: RHP Bungay Osiman
Batting: RHB Ryan Guengerich 0-0: Ball
1-0: Called Strike
1-1: Ball
2-1: Ball
3-1: Swinging Strike
3-2: Base on Balls
Batting: LHB Ramón Fernández 0-0: Ball
1-0: Ball
2-0: Foul Ball, location: 2F
2-1: Swinging Strike
2-2: Ball
3-2: Foul Ball, location: 2F
3-2: SINGLE (Groundball, 56, EV 87.5 MPH) (infield hit)
Ryan Guengerich to second
Batting: LHB Ji-e Loh 0-0: Fly out, F4 (Popup, 4M, EV 60.0 MPH)
Batting: SHB Dean Barthorpe 0-0: Foul Ball, location: 2F
0-1: Fly out, F7 (Flyball, 78D, EV 101.9 MPH)
Batting: RHB Tony Castellanos 0-0: Called Strike
0-1: Ball
1-1: Foul Ball, location: 2F
1-2: Strikes out swinging
Bottom of the 8th over - 0 runs, 1 hit, 0 errors, 2 left on base; Mt. Vernon 4 - Columbia 0
TOP OF THE 9TH
Mt. Vernon Bulls batting - Pitching for Columbia River Rats : RHP Hyosuke Matsui
Batting: RHB Ned Lyons 0-0: Ball
1-0: Fly out, F7 (Flyball, 7LSF, EV 84.4 MPH)
Batting: LHB Philip Todd 0-0: Foul Ball, location: 2F
0-1: Ball
1-1: Foul Ball, location: 2F
1-2: Foul Ball, location: 2F
1-2: Strikes out swinging
Batting: RHB Doug Page 0-0: Fly out, F8 (Flyball, 8LS, EV 85.6 MPH)
Top of the 9th over - 0 runs, 0 hits, 0 errors, 0 left on base; Mt. Vernon 4 - Columbia 0
BOTTOM OF THE 9TH
Columbia River Rats batting - Pitching for Mt. Vernon Bulls : RHP Bungay Osiman
Pitching: RHP Danny Kas
Batting: RHB Cédric Causse 0-0: Called Strike
0-1: Ground out 1-3 (Groundball, 15, EV 95.0 MPH)
Batting: RHB Pu-feng Zhou 0-0: Ball
1-0: Ball
2-0: DOUBLE (Flyball, 78D, EV 101.2 MPH)
Batting: LHB John Mayer 0-0: Foul Ball, location: 2F
0-1: Fly out, F8 (Line Drive, 8LM, EV 107.5 MPH)
Batting: LHB Seb Considine 0-0: Called Strike
0-1: Called Strike
0-2: Ground out 1-3 (Groundball, P, EV 83.1 MPH)
Bottom of the 9th over - 0 runs, 1 hit, 0 errors, 1 left on base; Mt. Vernon 4 - Columbia 0
Friday, April 17th, 2020 - OOTP Baseball 20.8 Build 74